Devils vs Nordiques
Created - 13 mars 2017 at 19:09
Goals
|
Devils |
0 |
1 |
2 |
0 |
3 |
Nordiques |
0 |
2 |
1 |
1 |
4 |
|
Shots
|
Devils |
7 |
6 |
9 |
0 |
22 |
Nordiques |
15 |
17 |
10 |
3 |
45 |
|
1st period
No Goal
Penalties :
R.J. Umberger (Que) for High sticking (Minor) at 3:14
2nd period
1. Nordiques , Nikita Kucherov 10 (Vaclav Prospal) at 0:04
2. Nordiques , Michael Ryder 8 (Paul Gaustad, Dustin Byfuglien) at 5:10
3. Devils , Dominic Moore 13 (Mike Komisarek, Dan Boyle) at 8:02
Penalties :
No Penalty
3rd period
4. Nordiques , Chris Drury 32 (Dmitry Kulikov, Matt Moulson) at 1:05
5. Devils , Chris Mcallister 12 (Ilya Kovalchuk, Brent Seabrook) at 11:22
6. Devils , Ilya Kovalchuk 37 (Brad Richardson, Ted Purcell) at 15:54
Penalties :
Fedor Tyutin (Que) for Interference (Minor) at 1:24, Ted Purcell (NJD) for Hooking (Minor) at 3:59
Overtime #1
7. Nordiques , Vaclav Prospal 15 (Milan Bartovic, Dmitry Kulikov) at 3:27
Penalties :
No Penalty
Goalie Stats
Cam Ward (NJD), 41 saves from 45 shots - (0,911), OTL, 21-25-6, 63:27 minutes
Julien Ellis (Que), 19 saves from 22 shots - (0,864), W, 7-6-2, 63:27 minutes
Players Stats for Devils
Player Name G A P +/- PIM S H SB GA TA FO MP PP MP PK MP
------------------------------------------------------------------------------------
Adam Pardy 0 0 0 -1 0 0 1 1 0 0 0/0 17:54 1:30 0:53
Alexandre Burrows 0 0 0 -2 0 3 0 1 0 1 0/0 18:35 0:19 0:21
Anthony Stewart 0 0 0 -1 0 0 0 1 0 0 0/0 7:15 0:19 0:00
Brad Richardson 0 1 1 0 0 1 2 0 0 0 0/1 18:00 2:13 0:00
Brent Seabrook 0 1 1 -2 0 1 3 1 3 2 0/0 27:06 1:30 1:06
Chris Mcallister 1 0 1 2 0 3 3 0 0 0 9/24 19:16 0:00 1:20
Dan Boyle 0 1 1 1 0 1 4 1 0 0 0/0 22:51 2:28 0:00
Dominic Moore 1 0 1 0 0 6 1 0 1 2 9/17 21:23 1:41 1:23
Ilya Kovalchuk 1 1 2 1 0 2 4 0 0 0 0/1 23:44 2:13 0:18
Karl Alzner 0 0 0 1 0 0 0 0 1 1 0/0 23:26 2:28 0:53
Kyle Cumiskey 0 0 0 -1 0 0 0 0 0 1 0/0 12:36 0:00 0:00
Matt Duchene 0 0 0 0 0 0 0 1 0 0 2/3 3:05 1:08 0:00
Mike Komisarek 0 1 1 0 0 0 0 1 1 1 0/0 23:01 0:00 1:06
Steve Ott 0 0 0 -1 0 1 0 0 1 0 2/6 13:36 1:09 0:36
Steve Quailer 0 0 0 -1 0 0 1 0 0 0 1/1 11:17 0:00 0:00
Ted Purcell 0 1 1 0 2 1 0 0 0 0 1/1 19:05 1:26 0:00
Tyler Arnason 0 0 0 -1 0 0 0 0 0 0 2/4 6:37 0:00 0:00
Vladimir Tarasenko 0 0 0 1 0 3 3 0 1 0 4/6 23:01 1:26 0:00
Players Stats for Nordiques
Player Name G A P +/- PIM S H SB GA TA FO MP PP MP PK MP
------------------------------------------------------------------------------------
Chris Drury 1 0 1 1 0 8 1 2 0 0 12/25 23:28 1:03 0:34
Dmitry Kulikov 0 2 2 1 0 3 2 1 1 0 0/0 20:28 1:15 0:00
Dustin Byfuglien 0 1 1 1 0 2 5 3 0 1 0/0 27:34 0:44 1:26
Fedor Tyutin 0 0 0 0 2 0 2 0 1 1 0/0 25:09 1:15 0:00
Kyle Calder 0 0 0 0 0 2 1 0 0 0 1/1 12:55 0:00 1:37
Mark Eaton 0 0 0 0 0 0 0 1 0 0 0/0 16:42 0:00 2:32
Matt Moulson 0 1 1 -1 0 2 2 0 1 0 0/2 16:47 0:56 0:08
Michael Ryder 1 0 1 0 0 2 0 0 1 0 0/2 10:50 0:00 0:00
Milan Bartovic 0 1 1 2 0 3 0 0 0 0 2/7 21:58 1:03 0:00
Nikita Kucherov 1 0 1 -1 0 2 1 1 1 0 0/0 16:01 0:56 0:00
Nikolai Kulemin 0 0 0 0 0 3 0 0 1 1 0/0 8:16 0:00 0:00
Pascal Dupuis 0 0 0 0 0 3 1 0 0 0 0/0 10:29 0:00 2:13
Paul Gaustad 0 1 1 0 0 4 0 0 1 0 5/9 13:12 0:00 2:11
R.J. Umberger 0 0 0 1 2 2 1 0 0 0 1/3 22:40 1:03 0:00
Rich Peverley 0 0 0 0 0 1 0 0 0 1 3/4 8:16 0:00 0:00
Ryan Ellis 0 0 0 0 0 3 2 0 0 2 0/0 20:30 0:44 1:26
T.J. Fast 0 0 0 0 0 1 1 1 1 1 0/0 16:42 0:00 2:32
Vaclav Prospal 1 1 2 0 0 4 2 0 0 1 10/11 17:51 0:56 1:13
3 Stars
1 - Ilya Kovalchuk (NJD)
2 - Chris Mcallister (NJD)
3 - Vaclav Prospal (Que)
Power Play
Devils - 0 on 2 Attempt(s) - 0,00%
Nordiques - 0 on 1 Attempt(s) - 0,00%
Penalty Kill
Devils - 1 on 1 Attempt(s) - 100,00%
- Score 0 goal in Penalty Kill
Nordiques - 2 on 2 Attempt(s) - 100,00%
- Score 0 goal in Penalty Kill
Team Stat
Devils - Hits : 22 - Faceoff Wins : 30 - Blocked Shots : 7 - Penalty Minutes : 2
Nordiques - Hits : 21 - Faceoff Wins : 34 - Blocked Shots : 9 - Penalty Minutes : 4
Official
Referees : Sutherland Kelly and Hebert Ghislain
Linesman : Pierre Champoux and Steve Barton
Game Notes
Matt Duchene is injured at 8:57 of 1st period (Right Foot)
Finance
Level 1 -- Attendance: 3895 (64,92%) -- Ticket Income 389 500 $
Level 2 -- Attendance: 3160 (63,20%) -- Ticket Income 189 600 $
Level 3 -- Attendance: 1308 (65,40%) -- Ticket Income 53 628 $
Level 4 -- Attendance: 2506 (62,65%) -- Ticket Income 75 180 $
Luxury Box -- Attendance: 977 (97,70%) -- Ticket Income 156 320 $
Game was played at the Centre Videotron.
Total Attendance: 11846 (65,81%)
Total Ticket Income: 864 228 $
Other Income: 129 634 $
Total Income: 993 862 $
Devils
5 vs 5 Forward
Center Left Wing Right Wing Time % Phy DF OF
1 Matt Duchene Ilya Kovalchuk Vladimir Tarasenko 40 0 2 3
2 Dominic Moore Ted Purcell Brad Richardson 30 0 2 3
3 Steve Ott Alexandre Burrows Steve Quailer 20 0 2 3
4 Tyler Arnason Alexandre Burrows Anthony Stewart 10 0 2 3
5 vs 5 Defense
Defense Defense Time % Phy DF OF
1 Brent Seabrook Mike Komisarek 40 1 2 2
2 Dan Boyle Karl Alzner 30 1 2 2
3 Kyle Cumiskey Adam Pardy 20 1 2 2
4 Brent Seabrook Adam Pardy 10 1 2 2
PowerPlay Forward
Center Left Wing Right Wing Time % Phy DF OF
1 Matt Duchene Ilya Kovalchuk Brad Richardson 60 0 1 4
2 Dominic Moore Ted Purcell Vladimir Tarasenko 40 0 1 4
PowerPlay Defense
Defense Defense Time % Phy DF OF
1 Dan Boyle Karl Alzner 60 1 2 2
2 Brent Seabrook Adam Pardy 40 1 2 2
Penalty Kill 4 Players Forward
Center Wing Time % Phy DF OF
1 Dominic Moore Chris Mcallister 60 1 2 2
2 Steve Ott Ilya Kovalchuk 40 1 2 2
Penalty Kill 4 Players Defense
Defense Defense Time % Phy DF OF
1 Brent Seabrook Mike Komisarek 60 1 2 2
2 Adam Pardy Karl Alzner 40 1 2 2
Penalty Kill - 3 Players Forward
Forward Time % Phy DF OF
1 Ted Purcell 60 1 2 2
2 Dominic Moore 40 1 2 2
Penalty Kill - 3 Players Defense
Defense Defense Time % Phy DF OF
1 Adam Pardy Mike Komisarek 60 1 2 2
2 Mike Komisarek Kyle Cumiskey 40 1 2 2
4 vs 4 Forward
Center Wing Time % Phy DF OF
1 Dominic Moore Ted Purcell 60 1 2 2
2 Matt Duchene Ilya Kovalchuk 40 1 2 2
4 vs 4 Defense
Defense Defense Time % Phy DF OF
1 Karl Alzner Brent Seabrook 60 1 2 2
2 Mike Komisarek Dan Boyle 40 1 2 2
Last Minutes Offensive
Center Left Wing Right Wing Defense Defense
Matt Duchene Ilya Kovalchuk Vladimir Tarasenko Brent Seabrook Dan Boyle
Last Minutes Defensive
Center Left Wing Right Wing Defense Defense
Dominic Moore Ilya Kovalchuk Brad Richardson Mike Komisarek Brent Seabrook
Goaltenders
Starting : Cam Ward
Backup : James Reimer
Extra Forwards
Normal : Vladimir Tarasenko, Chris Mcallister, Dominic Moore - PP : Matt Duchene, Steve Ott - PK : Chris Mcallister
Extra Defensemen
Normal : Brent Seabrook, Karl Alzner, Adam Pardy - PP : Kyle Cumiskey - PK : Karl Alzner, Brent Seabrook
Penalty Shots
Ilya Kovalchuk, Ted Purcell, Dominic Moore, Vladimir Tarasenko, Matt Duchene
Nordiques
5 vs 5 Forward
Center Left Wing Right Wing Time % Phy DF OF
1 Chris Drury R.J. Umberger Milan Bartovic 40 0 2 3
2 Vaclav Prospal Matt Moulson Nikita Kucherov 30 0 2 3
3 Paul Gaustad Kyle Calder Michael Ryder 20 0 2 3
4 Rich Peverley Nikolai Kulemin Pascal Dupuis 10 0 2 3
5 vs 5 Defense
Defense Defense Time % Phy DF OF
1 Fedor Tyutin Dustin Byfuglien 40 0 5 0
2 Dmitry Kulikov Ryan Ellis 30 0 5 0
3 T.J. Fast Mark Eaton 20 0 5 0
4 Fedor Tyutin Dustin Byfuglien 10 0 5 0
PowerPlay Forward
Center Left Wing Right Wing Time % Phy DF OF
1 Chris Drury R.J. Umberger Milan Bartovic 60 0 0 5
2 Vaclav Prospal Matt Moulson Nikita Kucherov 40 0 0 5
PowerPlay Defense
Defense Defense Time % Phy DF OF
1 Dustin Byfuglien Ryan Ellis 60 0 2 3
2 Fedor Tyutin Dmitry Kulikov 40 0 2 3
Penalty Kill 4 Players Forward
Center Wing Time % Phy DF OF
1 Paul Gaustad Pascal Dupuis 60 0 4 1
2 Kyle Calder Vaclav Prospal 40 0 4 1
Penalty Kill 4 Players Defense
Defense Defense Time % Phy DF OF
1 T.J. Fast Mark Eaton 60 0 4 1
2 Dustin Byfuglien Ryan Ellis 40 0 4 1
Penalty Kill - 3 Players Forward
Forward Time % Phy DF OF
1 Paul Gaustad 60 0 5 0
2 Pascal Dupuis 40 0 5 0
Penalty Kill - 3 Players Defense
Defense Defense Time % Phy DF OF
1 T.J. Fast Mark Eaton 60 0 5 0
2 Dustin Byfuglien Dmitry Kulikov 40 0 5 0
4 vs 4 Forward
Center Wing Time % Phy DF OF
1 R.J. Umberger Chris Drury 60 0 1 4
2 Milan Bartovic Vaclav Prospal 40 0 1 4
4 vs 4 Defense
Defense Defense Time % Phy DF OF
1 Dustin Byfuglien Dmitry Kulikov 60 0 3 2
2 Fedor Tyutin Ryan Ellis 40 0 3 2
Last Minutes Offensive
Center Left Wing Right Wing Defense Defense
Chris Drury R.J. Umberger Milan Bartovic Dustin Byfuglien Fedor Tyutin
Last Minutes Defensive
Center Left Wing Right Wing Defense Defense
Paul Gaustad Kyle Calder Pascal Dupuis T.J. Fast Mark Eaton
Goaltenders
Starting : Julien Ellis
Backup : Martin Brodeur
Extra Forwards
Normal : Chris Drury, Milan Bartovic, Matt Moulson - PP : Chris Drury, Milan Bartovic - PK : Pascal Dupuis
Extra Defensemen
Normal : Dmitry Kulikov, Ryan Ellis, Dustin Byfuglien - PP : Dmitry Kulikov - PK : Ryan Ellis, Dustin Byfuglien
Penalty Shots
R.J. Umberger, Chris Drury, Milan Bartovic, Vaclav Prospal, Paul Gaustad
% Time on Ice - Devils
Lines # - Real PCT - Wanted PCT - Time Play
Normal Forward
1 - 39% - 40% - 20:50
2 - 29% - 30% - 15:45
3 - 21% - 20% - 11:17
4 - 11% - 10% - 6:11
Normal Defense
1 - 37% - 40% - 20:10
2 - 34% - 30% - 18:34
3 - 23% - 20% - 12:36
4 - 5% - 10% - 2:43
PP Forward
1 - 64% - 60% - 2:32
2 - 36% - 40% - 1:26
PP Defense
1 - 62% - 60% - 2:28
2 - 38% - 40% - 1:30
PK Forward
1 - 85% - 60% - 1:41
2 - 15% - 40% - 0:18
PK Defense
1 - 55% - 60% - 1:06
2 - 45% - 40% - 0:53
PK3 Forward
1 - 0% - 60%
2 - 0% - 40%
PK3 Defense
1 - 0% - 60%
2 - 0% - 40%
44 Forward
1 - 70% - 60% - 2:24
2 - 30% - 40% - 1:03
44 Defense
1 - 48% - 60% - 1:40
2 - 52% - 40% - 1:47
Last Minute Offensive - 0:00
Last Minute Defensive - 0:00
Total
Forward - 63:27
Defense - 63:27
|
% Time on Ice - Nordiques
Lines # - Real PCT - Wanted PCT - Time Play
Normal Forward
1 - 38% - 40% - 20:18
2 - 27% - 30% - 14:51
3 - 20% - 20% - 10:38
4 - 15% - 10% - 8:16
Normal Defense
1 - 37% - 40% - 20:02
2 - 32% - 30% - 17:03
3 - 25% - 20% - 13:46
4 - 6% - 10% - 3:12
PP Forward
1 - 53% - 60% - 1:03
2 - 47% - 40% - 0:56
PP Defense
1 - 37% - 60% - 0:44
2 - 63% - 40% - 1:15
PK Forward
1 - 69% - 60% - 2:45
2 - 31% - 40% - 1:13
PK Defense
1 - 64% - 60% - 2:32
2 - 36% - 40% - 1:26
PK3 Forward
1 - 0% - 60%
2 - 0% - 40%
PK3 Defense
1 - 0% - 60%
2 - 0% - 40%
44 Forward
1 - 75% - 60% - 2:36
2 - 25% - 40% - 0:51
44 Defense
1 - 69% - 60% - 2:22
2 - 31% - 40% - 1:05
Last Minute Offensive - 0:00
Last Minute Defensive - 0:00
Total
Forward - 63:27
Defense - 63:27
|
Play by Play
1st period
0:01 of 1st period - Matt Duchene wins face-off versus Chris Drury in neutral zone.
0:31 of 1st period - Matt Moulson is hit by Dan Boyle and loses puck.
0:50 of 1st period - Wrist shot by Nikita Kucherov.
0:50 of 1st period - Stopped by Cam Ward without a rebound.
0:51 of 1st period - Paul Gaustad wins face-off versus Tyler Arnason in Devils zone.
0:59 of 1st period - Off-side.
1:00 of 1st period - Tyler Arnason wins face-off versus Rich Peverley in neutral zone.
1:05 of 1st period - Wrist shot by Tyler Arnason.
1:05 of 1st period - Shot Blocked by Dmitry Kulikov.
1:15 of 1st period - Slapshot by Nikolai Kulemin.
1:15 of 1st period - Deflect By Kyle Cumiskey.
1:15 of 1st period - Stopped by Cam Ward with a rebound.
1:57 of 1st period - Wrist shot by Michael Ryder.
1:57 of 1st period - Shot Misses the Net.
2:11 of 1st period - Wrist shot by Tyler Arnason.
2:11 of 1st period - Shot Blocked by T.J. Fast.
2:31 of 1st period - Snap shot by Nikolai Kulemin.
2:31 of 1st period - Deflect By Rich Peverley.
2:31 of 1st period - Shot Misses the Net.
2:31 of 1st period - Puck is out of play.
2:32 of 1st period - Vaclav Prospal wins face-off versus Matt Duchene in Devils zone.
3:04 of 1st period - Wrist shot by Dominic Moore.
3:04 of 1st period - Stopped by Julien Ellis with a rebound.
3:14 of 1st period - Minor Penalty to R.J. Umberger for High sticking.
3:15 of 1st period - Matt Duchene wins face-off versus Paul Gaustad in Nordiques zone.
3:50 of 1st period - Pascal Dupuis is hit by Dominic Moore and loses puck.
4:07 of 1st period - Snap shot by Vaclav Prospal.
4:07 of 1st period - Stopped by Cam Ward without a rebound.
4:08 of 1st period - Kyle Calder wins face-off versus Vladimir Tarasenko in Devils zone.
4:11 of 1st period - Snap shot by Vaclav Prospal.
4:11 of 1st period - Stopped by Cam Ward with a rebound.
5:10 of 1st period - Backhand shot by Kyle Calder.
5:10 of 1st period - Stopped by Cam Ward with a rebound.
5:14 of 1st period - Penalty to R.J. Umberger is over, R.J. Umberger is back on ice.
5:45 of 1st period - Off-side.
5:46 of 1st period - Tyler Arnason wins face-off versus Chris Drury in neutral zone.
5:53 of 1st period - Slapshot by Alexandre Burrows.
5:53 of 1st period - Shot Misses the Net.
6:32 of 1st period - Snap shot by Dominic Moore.
6:32 of 1st period - Stopped by Julien Ellis with a rebound.
6:53 of 1st period - Snap shot by Nikita Kucherov.
6:53 of 1st period - Shot Misses the Net.
7:09 of 1st period - Snap shot by Ilya Kovalchuk.
7:09 of 1st period - Shot Blocked by Chris Drury.
8:09 of 1st period - Snap shot by Vaclav Prospal.
8:09 of 1st period - Shot Misses the Net.
8:11 of 1st period - Snap shot by Matt Moulson.
8:11 of 1st period - Shot Misses the Net.
8:13 of 1st period - Slapshot by Fedor Tyutin.
8:13 of 1st period - Shot Misses the Net.
8:35 of 1st period - Icing by Dustin Byfuglien.
8:36 of 1st period - Rich Peverley wins face-off versus Vladimir Tarasenko in Nordiques zone.
8:43 of 1st period - Wrist shot by Rich Peverley.
8:43 of 1st period - Stopped by Cam Ward with a rebound.
8:45 of 1st period - Wrist shot by Nikolai Kulemin.
8:45 of 1st period - Deflect By Rich Peverley.
8:45 of 1st period - Shot Misses the Net.
8:45 of 1st period - Puck is out of play.
8:46 of 1st period - Chris Drury wins face-off versus Ilya Kovalchuk in Devils zone.
8:55 of 1st period - Wrist shot by R.J. Umberger.
8:55 of 1st period - Stopped by Cam Ward with a rebound.
8:57 of 1st period - Slapshot by Mark Eaton.
8:57 of 1st period - Shot Blocked by Matt Duchene.
8:57 of 1st period - Matt Duchene from Devils is injured at 8:57 of 1st period (Right Foot).
8:58 of 1st period - Chris Mcallister wins face-off versus Chris Drury in Devils zone.
9:09 of 1st period - Snap shot by Ilya Kovalchuk.
9:09 of 1st period - Shot Misses the Net.
9:23 of 1st period - Vaclav Prospal is hit by Brent Seabrook and loses puck.
9:28 of 1st period - Snap shot by Dominic Moore.
9:28 of 1st period - Shot Misses the Net.
9:54 of 1st period - Wrist shot by Paul Gaustad.
9:54 of 1st period - Stopped by Cam Ward without a rebound.
9:55 of 1st period - Vladimir Tarasenko wins face-off versus Milan Bartovic in Devils zone.
9:55 of 1st period - Vladimir Tarasenko is hit by T.J. Fast.
10:09 of 1st period - Wrist shot by Vladimir Tarasenko.
10:09 of 1st period - Shot Blocked by Mark Eaton.
10:57 of 1st period - Snap shot by Paul Gaustad.
10:57 of 1st period - Stopped by Cam Ward with a rebound.
10:59 of 1st period - Wrist shot by Paul Gaustad.
10:59 of 1st period - Stopped by Cam Ward without a rebound.
11:00 of 1st period - Chris Mcallister wins face-off versus Chris Drury in Devils zone.
11:26 of 1st period - Ilya Kovalchuk is hit by Fedor Tyutin and loses puck.
11:33 of 1st period - Slapshot by Mike Komisarek.
11:33 of 1st period - Deflect By Vladimir Tarasenko.
11:33 of 1st period - Stopped by Julien Ellis without a rebound.
11:34 of 1st period - Dominic Moore wins face-off versus Chris Drury in Nordiques zone.
11:59 of 1st period - Adam Pardy is hit by Matt Moulson and loses puck.
12:28 of 1st period - Wrist shot by Alexandre Burrows.
12:28 of 1st period - Stopped by Julien Ellis with a rebound.
12:30 of 1st period - Snap shot by Adam Pardy.
12:30 of 1st period - Shot Misses the Net.
12:32 of 1st period - Slapshot by Adam Pardy.
12:32 of 1st period - Shot Misses the Net.
12:34 of 1st period - Snap shot by Steve Ott.
12:34 of 1st period - Stopped by Julien Ellis without a rebound.
12:35 of 1st period - Chris Mcallister wins face-off versus Chris Drury in Nordiques zone.
12:40 of 1st period - Snap shot by Vladimir Tarasenko.
12:40 of 1st period - Shot Misses the Net.
12:48 of 1st period - Wrist shot by Chris Drury.
12:48 of 1st period - Stopped by Cam Ward without a rebound.
12:49 of 1st period - Chris Drury wins face-off versus Chris Mcallister in Devils zone.
13:41 of 1st period - Pascal Dupuis is hit by Dan Boyle and loses puck.
13:48 of 1st period - Snap shot by Ryan Ellis.
13:48 of 1st period - Deflect By Pascal Dupuis.
13:48 of 1st period - Stopped by Cam Ward without a rebound.
13:49 of 1st period - Chris Drury wins face-off versus Chris Mcallister in Devils zone.
13:56 of 1st period - Snap shot by R.J. Umberger.
13:56 of 1st period - Shot Misses the Net.
14:43 of 1st period - Off-side.
14:44 of 1st period - Chris Drury wins face-off versus Dominic Moore in neutral zone.
14:49 of 1st period - Snap shot by Chris Drury.
14:49 of 1st period - Stopped by Cam Ward with a rebound.
14:59 of 1st period - Snap shot by Dominic Moore.
14:59 of 1st period - Shot Blocked by Dustin Byfuglien.
15:29 of 1st period - Steve Quailer is hit by Vaclav Prospal and loses puck.
15:36 of 1st period - Wrist shot by Matt Moulson.
15:36 of 1st period - Stopped by Cam Ward with a rebound.
15:52 of 1st period - Slapshot by Dominic Moore.
15:52 of 1st period - Shot Misses the Net.
15:54 of 1st period - Slapshot by Dominic Moore.
15:54 of 1st period - Stopped by Julien Ellis with a rebound.
16:54 of 1st period - Slapshot by Steve Ott.
16:54 of 1st period - Shot Misses the Net.
17:16 of 1st period - Brad Richardson is hit by Chris Drury and loses puck.
18:08 of 1st period - Vladimir Tarasenko is hit by Matt Moulson and loses puck.
18:29 of 1st period - Snap shot by Chris Drury.
18:29 of 1st period - Stopped by Cam Ward with a rebound.
18:52 of 1st period - Dustin Byfuglien is hit by Ilya Kovalchuk and loses puck.
19:04 of 1st period - Milan Bartovic is hit by Ilya Kovalchuk and loses puck.
19:20 of 1st period - Chris Mcallister is hit by Dmitry Kulikov and loses puck.
19:51 of 1st period - Snap shot by Vladimir Tarasenko.
19:51 of 1st period - Stopped by Julien Ellis with a rebound.
19:53 of 1st period - Snap shot by Vladimir Tarasenko.
19:53 of 1st period - Deflect By Milan Bartovic.
19:53 of 1st period - Shot Blocked by Chris Drury.
19:53 of 1st period - Puck is out of play.
19:54 of 1st period - Dominic Moore wins face-off versus Matt Moulson in Nordiques zone.
19:59 of 1st period - Snap shot by Ted Purcell.
19:59 of 1st period - Shot Misses the Net.
Goals for this period are 0 for Devils vs 0 for Nordiques.
Shots for this period are 7 for Devils vs 15 for Nordiques.
2nd period
0:01 of 2nd period - Vaclav Prospal wins face-off versus Dominic Moore in neutral zone.
0:04 of 2nd period - Snap shot by Nikita Kucherov.
0:04 of 2nd period - Goal by Nikita Kucherov - Devils : 0 - Nordiques : 1.
0:05 of 2nd period - Vaclav Prospal wins face-off versus Dominic Moore in neutral zone.
0:16 of 2nd period - Snap shot by Vaclav Prospal.
0:16 of 2nd period - Shot Misses the Net.
0:27 of 2nd period - Icing by Ted Purcell.
0:28 of 2nd period - Chris Mcallister wins face-off versus Milan Bartovic in Devils zone.
0:55 of 2nd period - Brad Richardson is hit by Dmitry Kulikov and loses puck.
1:00 of 2nd period - Snap shot by Nikita Kucherov.
1:00 of 2nd period - Deflect By Vaclav Prospal.
1:00 of 2nd period - Shot Blocked by Dan Boyle.
1:00 of 2nd period - Puck is out of play.
1:01 of 2nd period - Dominic Moore wins face-off versus Vaclav Prospal in Devils zone.
1:06 of 2nd period - Slapshot by Brent Seabrook.
1:06 of 2nd period - Stopped by Julien Ellis with a rebound.
1:27 of 2nd period - Off-side.
1:28 of 2nd period - Chris Drury wins face-off versus Steve Ott in neutral zone.
1:53 of 2nd period - Brad Richardson is hit by Kyle Calder and loses puck.
2:00 of 2nd period - Slapshot by Karl Alzner.
2:00 of 2nd period - Deflect By Ted Purcell.
2:00 of 2nd period - Stopped by Julien Ellis with a rebound.
2:16 of 2nd period - Wrist shot by Vaclav Prospal.
2:16 of 2nd period - Shot Misses the Net.
2:18 of 2nd period - Slapshot by Ryan Ellis.
2:18 of 2nd period - Stopped by Cam Ward with a rebound.
2:20 of 2nd period - Slapshot by Ryan Ellis.
2:20 of 2nd period - Shot Blocked by Brent Seabrook.
2:22 of 2nd period - Snap shot by Ryan Ellis.
2:22 of 2nd period - Deflect By Nikita Kucherov.
2:22 of 2nd period - Shot Blocked by Mike Komisarek.
2:22 of 2nd period - Puck is out of play.
2:23 of 2nd period - Chris Drury wins face-off versus Dominic Moore in Devils zone.
2:48 of 2nd period - Michael Ryder is hit by Vladimir Tarasenko and loses puck.
4:08 of 2nd period - Slapshot by Vaclav Prospal.
4:08 of 2nd period - Stopped by Cam Ward without a rebound.
4:09 of 2nd period - Vaclav Prospal wins face-off versus Chris Mcallister in Devils zone.
4:18 of 2nd period - Wrist shot by Ilya Kovalchuk.
4:18 of 2nd period - Shot Misses the Net.
4:20 of 2nd period - Slapshot by Ilya Kovalchuk.
4:20 of 2nd period - Shot Misses the Net.
4:22 of 2nd period - Wrist shot by Vladimir Tarasenko.
4:22 of 2nd period - Stopped by Julien Ellis with a rebound.
4:34 of 2nd period - Fedor Tyutin is hit by Brad Richardson and loses puck.
4:49 of 2nd period - Milan Bartovic is hit by Adam Pardy and loses puck.
5:10 of 2nd period - Wrist shot by Michael Ryder.
5:10 of 2nd period - Goal by Michael Ryder - Devils : 0 - Nordiques : 2.
5:11 of 2nd period - Chris Mcallister wins face-off versus Chris Drury in neutral zone.
5:14 of 2nd period - Ryan Ellis is hit by Chris Mcallister.
5:36 of 2nd period - Brent Seabrook is hit by Vaclav Prospal and loses puck.
6:18 of 2nd period - Icing by Brent Seabrook.
6:19 of 2nd period - Steve Quailer wins face-off versus Paul Gaustad in Devils zone.
6:28 of 2nd period - Slapshot by Brent Seabrook.
6:28 of 2nd period - Shot Misses the Net.
7:40 of 2nd period - Icing by Chris Mcallister.
7:41 of 2nd period - Paul Gaustad wins face-off versus Chris Mcallister in Devils zone.
7:56 of 2nd period - Wrist shot by Dominic Moore.
7:56 of 2nd period - Stopped by Julien Ellis with a rebound.
7:58 of 2nd period - Wrist shot by Dan Boyle.
7:58 of 2nd period - Stopped by Julien Ellis with a rebound.
8:00 of 2nd period - Slapshot by Mike Komisarek.
8:00 of 2nd period - Shot Blocked by Nikita Kucherov.
8:02 of 2nd period - Slapshot by Dominic Moore.
8:02 of 2nd period - Goal by Dominic Moore - Devils : 1 - Nordiques : 2.
8:03 of 2nd period - Chris Drury wins face-off versus Chris Mcallister in neutral zone.
8:06 of 2nd period - Slapshot by Ryan Ellis.
8:06 of 2nd period - Stopped by Cam Ward with a rebound.
8:08 of 2nd period - Wrist shot by R.J. Umberger.
8:08 of 2nd period - Stopped by Cam Ward without a rebound.
8:09 of 2nd period - Chris Mcallister wins face-off versus Chris Drury in Devils zone.
8:52 of 2nd period - Wrist shot by Chris Drury.
8:52 of 2nd period - Stopped by Cam Ward with a rebound.
8:54 of 2nd period - Snap shot by Milan Bartovic.
8:54 of 2nd period - Stopped by Cam Ward with a rebound.
8:56 of 2nd period - Snap shot by Chris Drury.
8:56 of 2nd period - Stopped by Cam Ward with a rebound.
8:58 of 2nd period - Slapshot by Ryan Ellis.
8:58 of 2nd period - Deflect By Dominic Moore.
8:58 of 2nd period - Stopped by Cam Ward without a rebound.
8:59 of 2nd period - Vaclav Prospal wins face-off versus Chris Mcallister in Devils zone.
9:06 of 2nd period - Matt Moulson is hit by Ilya Kovalchuk and loses puck.
9:13 of 2nd period - Backhand shot by Vladimir Tarasenko.
9:13 of 2nd period - Shot Misses the Net.
9:15 of 2nd period - Snap shot by Chris Mcallister.
9:15 of 2nd period - Shot Blocked by Dustin Byfuglien.
9:25 of 2nd period - Karl Alzner is hit by Dustin Byfuglien and loses puck.
9:48 of 2nd period - Wrist shot by Rich Peverley.
9:48 of 2nd period - Shot Misses the Net.
9:54 of 2nd period - Snap shot by Dominic Moore.
9:54 of 2nd period - Shot Misses the Net.
10:10 of 2nd period - Matt Moulson is hit by Ilya Kovalchuk and loses puck.
10:41 of 2nd period - Michael Ryder is hit by Brad Richardson and loses puck.
10:58 of 2nd period - Dan Boyle is hit by Pascal Dupuis and loses puck.
11:17 of 2nd period - Slapshot by Ilya Kovalchuk.
11:17 of 2nd period - Shot Misses the Net.
13:07 of 2nd period - Mark Eaton is hit by Chris Mcallister and loses puck.
13:41 of 2nd period - Slapshot by T.J. Fast.
13:41 of 2nd period - Stopped by Cam Ward without a rebound.
13:42 of 2nd period - Dominic Moore wins face-off versus Michael Ryder in Devils zone.
13:47 of 2nd period - Snap shot by Michael Ryder.
13:47 of 2nd period - Shot Blocked by Adam Pardy.
13:49 of 2nd period - Snap shot by Kyle Calder.
13:49 of 2nd period - Stopped by Cam Ward without a rebound.
13:50 of 2nd period - Chris Drury wins face-off versus Chris Mcallister in Devils zone.
14:37 of 2nd period - Wrist shot by Mike Komisarek.
14:37 of 2nd period - Deflect By Alexandre Burrows.
14:37 of 2nd period - Shot Misses the Net.
14:37 of 2nd period - Puck is out of play.
14:38 of 2nd period - Paul Gaustad wins face-off versus Steve Ott in Nordiques zone.
15:03 of 2nd period - Slapshot by Dmitry Kulikov.
15:03 of 2nd period - Shot Misses the Net.
15:05 of 2nd period - Slapshot by Dmitry Kulikov.
15:05 of 2nd period - Shot Misses the Net.
15:07 of 2nd period - Slapshot by Ryan Ellis.
15:07 of 2nd period - Shot Misses the Net.
15:09 of 2nd period - Slapshot by Dmitry Kulikov.
15:09 of 2nd period - Stopped by Cam Ward with a rebound.
15:11 of 2nd period - Slapshot by Milan Bartovic.
15:11 of 2nd period - Stopped by Cam Ward with a rebound.
16:17 of 2nd period - Slapshot by Nikolai Kulemin.
16:17 of 2nd period - Stopped by Cam Ward with a rebound.
16:27 of 2nd period - Mike Komisarek is hit by Dustin Byfuglien and loses puck.
17:00 of 2nd period - Wrist shot by Chris Drury.
17:00 of 2nd period - Shot Misses the Net.
17:02 of 2nd period - Slapshot by Dustin Byfuglien.
17:02 of 2nd period - Deflect By Chris Drury.
17:02 of 2nd period - Shot Misses the Net.
17:02 of 2nd period - Puck is out of play.
17:03 of 2nd period - Chris Drury wins face-off versus Chris Mcallister in Devils zone.
17:12 of 2nd period - Snap shot by Chris Drury.
17:12 of 2nd period - Stopped by Cam Ward with a rebound.
18:30 of 2nd period - Vladimir Tarasenko is hit by Nikita Kucherov and loses puck.
18:55 of 2nd period - Milan Bartovic is hit by Brent Seabrook and loses puck.
19:15 of 2nd period - Icing by T.J. Fast.
19:16 of 2nd period - Rich Peverley wins face-off versus Chris Mcallister in Nordiques zone.
19:43 of 2nd period - Snap shot by Rich Peverley.
19:43 of 2nd period - Shot Misses the Net.
19:45 of 2nd period - Slapshot by Pascal Dupuis.
19:45 of 2nd period - Stopped by Cam Ward with a rebound.
19:47 of 2nd period - Snap shot by Nikolai Kulemin.
19:47 of 2nd period - Shot Misses the Net.
Goals for this period are 1 for Devils vs 2 for Nordiques.
Shots for this period are 6 for Devils vs 17 for Nordiques.
3rd period
0:01 of 3rd period - Vladimir Tarasenko wins face-off versus Chris Drury in neutral zone.
0:03 of 3rd period - Mike Komisarek is hit by Dustin Byfuglien.
0:15 of 3rd period - Snap shot by Ilya Kovalchuk.
0:15 of 3rd period - Shot Misses the Net.
0:30 of 3rd period - Wrist shot by Alexandre Burrows.
0:30 of 3rd period - Shot Misses the Net.
0:32 of 3rd period - Snap shot by Alexandre Burrows.
0:32 of 3rd period - Stopped by Julien Ellis without a rebound.
0:33 of 3rd period - Vaclav Prospal wins face-off versus Chris Mcallister in Nordiques zone.
0:33 of 3rd period - Vaclav Prospal is hit by Vladimir Tarasenko.
1:03 of 3rd period - Snap shot by Chris Drury.
1:03 of 3rd period - Shot Blocked by Alexandre Burrows.
1:05 of 3rd period - Snap shot by Chris Drury.
1:05 of 3rd period - Goal by Chris Drury - Devils : 1 - Nordiques : 3.
1:06 of 3rd period - Chris Mcallister wins face-off versus Chris Drury in neutral zone.
1:09 of 3rd period - Slapshot by Ilya Kovalchuk.
1:09 of 3rd period - Shot Misses the Net.
1:15 of 3rd period - Slapshot by Dustin Byfuglien.
1:15 of 3rd period - Deflect By Milan Bartovic.
1:15 of 3rd period - Stopped by Cam Ward with a rebound.
1:24 of 3rd period - Minor Penalty to Fedor Tyutin for Interference.
1:25 of 3rd period - Steve Ott wins face-off versus Paul Gaustad in Nordiques zone.
1:30 of 3rd period - Wrist shot by Ilya Kovalchuk.
1:30 of 3rd period - Stopped by Julien Ellis without a rebound.
1:31 of 3rd period - Paul Gaustad wins face-off versus Steve Ott in Nordiques zone.
1:31 of 3rd period - Paul Gaustad is hit by Dan Boyle.
1:45 of 3rd period - Snap shot by Ilya Kovalchuk.
1:45 of 3rd period - Shot Misses the Net.
1:47 of 3rd period - Wrist shot by Brad Richardson.
1:47 of 3rd period - Stopped by Julien Ellis with a rebound.
3:24 of 3rd period - Penalty to Fedor Tyutin is over, Fedor Tyutin is back on ice.
3:35 of 3rd period - Off-side.
3:36 of 3rd period - Vaclav Prospal wins face-off versus Chris Mcallister in neutral zone.
3:59 of 3rd period - Minor Penalty to Ted Purcell for Hooking.
4:00 of 3rd period - Dominic Moore wins face-off versus Chris Drury in Devils zone.
4:26 of 3rd period - Icing by Vaclav Prospal.
4:27 of 3rd period - Vaclav Prospal wins face-off versus Dominic Moore in Nordiques zone.
4:49 of 3rd period - Icing by Dmitry Kulikov.
4:50 of 3rd period - Dominic Moore wins face-off versus Milan Bartovic in Nordiques zone.
5:38 of 3rd period - Adam Pardy is hit by Ryan Ellis and loses puck.
5:59 of 3rd period - Penalty to Ted Purcell is over, Ted Purcell is back on ice.
6:10 of 3rd period - Off-side.
6:11 of 3rd period - Paul Gaustad wins face-off versus Tyler Arnason in neutral zone.
7:19 of 3rd period - Snap shot by Chris Mcallister.
7:19 of 3rd period - Stopped by Julien Ellis without a rebound.
7:20 of 3rd period - Rich Peverley wins face-off versus Chris Mcallister in Nordiques zone.
7:50 of 3rd period - Slapshot by Nikolai Kulemin.
7:50 of 3rd period - Stopped by Cam Ward with a rebound.
7:52 of 3rd period - Slapshot by Fedor Tyutin.
7:52 of 3rd period - Shot Blocked by Anthony Stewart.
7:54 of 3rd period - Wrist shot by Dustin Byfuglien.
7:54 of 3rd period - Stopped by Cam Ward with a rebound.
7:56 of 3rd period - Backhand shot by Dustin Byfuglien.
7:56 of 3rd period - Stopped by Cam Ward with a rebound.
8:18 of 3rd period - Snap shot by Nikolai Kulemin.
8:18 of 3rd period - Shot Misses the Net.
8:20 of 3rd period - Slapshot by Dmitry Kulikov.
8:20 of 3rd period - Stopped by Cam Ward without a rebound.
8:21 of 3rd period - Chris Mcallister wins face-off versus Chris Drury in Devils zone.
10:26 of 3rd period - Snap shot by Pascal Dupuis.
10:26 of 3rd period - Deflect By Brad Richardson.
10:26 of 3rd period - Stopped by Cam Ward without a rebound.
10:27 of 3rd period - Milan Bartovic wins face-off versus Brad Richardson in Devils zone.
10:52 of 3rd period - Dustin Byfuglien is hit by Steve Quailer and loses puck.
10:59 of 3rd period - Snap shot by Brent Seabrook.
10:59 of 3rd period - Shot Blocked by Dustin Byfuglien.
11:15 of 3rd period - Paul Gaustad is hit by Vladimir Tarasenko and loses puck.
11:22 of 3rd period - Wrist shot by Chris Mcallister.
11:22 of 3rd period - Goal by Chris Mcallister - Devils : 2 - Nordiques : 3.
11:23 of 3rd period - Vladimir Tarasenko wins face-off versus Chris Drury in neutral zone.
11:37 of 3rd period - Off-side.
11:38 of 3rd period - Vaclav Prospal wins face-off versus Dominic Moore in neutral zone.
11:52 of 3rd period - Backhand shot by Ted Purcell.
11:52 of 3rd period - Deflect By Dominic Moore.
11:52 of 3rd period - Shot Misses the Net.
11:52 of 3rd period - Puck is out of play.
11:53 of 3rd period - Chris Drury wins face-off versus Chris Mcallister in Nordiques zone.
12:00 of 3rd period - Slapshot by Brent Seabrook.
12:00 of 3rd period - Deflect By Chris Mcallister.
12:00 of 3rd period - Deflect By Fedor Tyutin.
12:00 of 3rd period - Stopped by Julien Ellis without a rebound.
12:01 of 3rd period - Chris Drury wins face-off versus Chris Mcallister in Nordiques zone.
12:26 of 3rd period - Fedor Tyutin is hit by Brent Seabrook and loses puck.
12:52 of 3rd period - Snap shot by Alexandre Burrows.
12:52 of 3rd period - Stopped by Julien Ellis with a rebound.
13:06 of 3rd period - Mike Komisarek is hit by R.J. Umberger and loses puck.
13:11 of 3rd period - Snap shot by Chris Drury.
13:11 of 3rd period - Stopped by Cam Ward without a rebound.
13:12 of 3rd period - Chris Mcallister wins face-off versus Milan Bartovic in Devils zone.
14:04 of 3rd period - Off-side.
14:05 of 3rd period - Vaclav Prospal wins face-off versus Steve Ott in neutral zone.
14:35 of 3rd period - Mike Komisarek is hit by Dustin Byfuglien and loses puck.
15:03 of 3rd period - Off-side.
15:04 of 3rd period - Chris Drury wins face-off versus Chris Mcallister in neutral zone.
15:31 of 3rd period - Ted Purcell is hit by Ryan Ellis and loses puck.
15:42 of 3rd period - Snap shot by Paul Gaustad.
15:42 of 3rd period - Stopped by Cam Ward with a rebound.
15:44 of 3rd period - Snap shot by Kyle Calder.
15:44 of 3rd period - Deflect By Michael Ryder.
15:44 of 3rd period - Stopped by Cam Ward with a rebound.
15:54 of 3rd period - Snap shot by Ilya Kovalchuk.
15:54 of 3rd period - Goal by Ilya Kovalchuk - Devils : 3 - Nordiques : 3.
15:55 of 3rd period - Steve Ott wins face-off versus Michael Ryder in neutral zone.
16:48 of 3rd period - Slapshot by Dominic Moore.
16:48 of 3rd period - Deflect By Matt Moulson.
16:48 of 3rd period - Stopped by Julien Ellis without a rebound.
16:49 of 3rd period - Dominic Moore wins face-off versus Paul Gaustad in Nordiques zone.
17:48 of 3rd period - Adam Pardy is hit by Fedor Tyutin and loses puck.
19:56 of 3rd period - Paul Gaustad is hit by Dan Boyle and loses puck.
Goals for this period are 2 for Devils vs 1 for Nordiques.
Shots for this period are 9 for Devils vs 10 for Nordiques.
Overtime #1
0:01 of 1st overtime period - Dominic Moore wins face-off versus R.J. Umberger in neutral zone.
0:50 of 1st overtime period - Slapshot by Dmitry Kulikov.
0:50 of 1st overtime period - Stopped by Cam Ward without a rebound.
0:51 of 1st overtime period - R.J. Umberger wins face-off versus Dominic Moore in Devils zone.
1:09 of 1st overtime period - Icing by Dominic Moore.
1:10 of 1st overtime period - Milan Bartovic wins face-off versus Dominic Moore in Devils zone.
1:35 of 1st overtime period - Vladimir Tarasenko is hit by Dustin Byfuglien and loses puck.
1:42 of 1st overtime period - Snap shot by Matt Moulson.
1:42 of 1st overtime period - Stopped by Cam Ward without a rebound.
1:43 of 1st overtime period - Dominic Moore wins face-off versus R.J. Umberger in Devils zone.
2:31 of 1st overtime period - Chris Drury is hit by Chris Mcallister and loses puck.
2:49 of 1st overtime period - Icing by Dmitry Kulikov.
2:50 of 1st overtime period - Ted Purcell wins face-off versus Matt Moulson in Nordiques zone.
3:10 of 1st overtime period - Icing by Dmitry Kulikov.
3:11 of 1st overtime period - Vladimir Tarasenko wins face-off versus Milan Bartovic in Nordiques zone.
3:27 of 1st overtime period - Snap shot by Vaclav Prospal.
3:27 of 1st overtime period - Goal by Vaclav Prospal - Devils : 3 - Nordiques : 4.
Goals for this period are 0 for Devils vs 1 for Nordiques.
Shots for this period are 0 for Devils vs 3 for Nordiques.
Back to the Top